 Dungeon Crawl Stone Soup version 0.28.0 (webtiles) character file.

Game seed: 17047782811075122140

95 Ablot the Grasshopper (level 4, -3/38 HPs)
             Began as a Gnoll Warper on Feb 15, 2022.
             Slain by a gnoll shaman (5 damage)
             ... on level 3 of the Dungeon.
             The game lasted 00:07:17 (3134 turns).

Ablot the Grasshopper (Gnoll Warper)                Turns: 3134, Time: 00:07:18

Health: -3/38      AC:  3    Str: 12    XL:     4   Next: 66%
Magic:  11/11      EV: 12    Int: 13    God:
Gold:   89         SH:  0    Dex: 11    Spells: 11/13 levels left

rFire   . . .      SeeInvis .   a - +0 spear
rCold   . . .      Faith    .   (no shield)
rNeg    . . .      Spirit   .   b - +0 leather armour
rPois   .          Reflect  .   (no helmet)
rElec   .          Harm     .   (no cloak)
rCorr   .          Rampage  .   (no gloves)
Will    +....                   (no boots)
Stlth   +.........              (no amulet)
HPRegen 0.12/turn               n - ring of willpower
MPRegen 0.12/turn               (no ring)

@: no status effects
A: fangs 1, strong nose, distributed training
a: no special abilities


You were on level 3 of the Dungeon.
You visited 1 branch of the dungeon, and saw 3 of its levels.

You collected 89 gold pieces.

Inventory:

Hand Weapons
 a - a +0 spear (weapon)
Missiles
 d - 3 boomerangs of dispersal (quivered)
 g - 101 stones
 r - 2 throwing nets
Armour
 b - a +0 leather armour (worn)
Jewellery
 n - a ring of willpower (left hand)
Wands
 t - a wand of mindburst (7)
Scrolls
 c - a scroll of blinking
 i - a scroll of acquirement {unknown}
 k - 2 scrolls of teleportation {unknown}
 o - a scroll of fog {unknown}
 p - a scroll of noise {unknown}
 q - a scroll of identify {unknown}
 s - a scroll of amnesia {unknown}
Potions
 e - 2 potions of mutation {unknown}
 f - a potion of curing {unknown}
 h - a potion of ambrosia {unknown}
 j - a potion of degeneration {unknown}
 l - a potion of lignification {unknown}
 m - a potion of attraction {unknown}


   Skills:
 + Level 4.6 Fighting
 + Level 1.2 Short Blades
 + Level 1.2 Long Blades
 + Level 1.2 Axes
 + Level 1.2 Maces & Flails
 + Level 4.6 Polearms
 + Level 1.2 Staves
 + Level 1.2 Slings
 + Level 1.2 Bows
 + Level 1.2 Crossbows
 + Level 2.8 Throwing
 + Level 2.8 Armour
 + Level 4.6 Dodging
 + Level 1.2 Stealth
 + Level 1.2 Shields
 + Level 1.2 Unarmed Combat
 + Level 5.1 Spellcasting
 + Level 1.0 Conjurations
 + Level 1.0 Hexes
 + Level 1.0 Summonings
 + Level 1.0 Necromancy
 + Level 5.5 Translocations
 + Level 1.0 Transmutations
 + Level 1.0 Fire Magic
 + Level 1.0 Ice Magic
 + Level 1.0 Air Magic
 + Level 1.0 Earth Magic
 + Level 1.0 Poison Magic
 + Level 1.3 Invocations
 + Level 1.2 Evocations


You had 11 spell levels left.
You knew the following spells:

 Your Spells              Type           Power      Damage    Failure   Level
a - Blink                 Tloc           34%        N/A       3%          2

Your spell library contained the following spells:

 Spells                   Type           Power      Damage    Failure   Level
 Gell's Gravitas          Tloc           17%        N/A       8%          3
 Lesser Beckoning         Tloc           17%        N/A       8%          3
 Teleport Other           Tloc           17%        N/A       8%          3
 Corpse Rot               Necr/Air       10%        N/A       24%         2
 Poisonous Vapours        Pois/Air       10%        N/A       24%         2
 Manifold Assault         Tloc           17%        N/A       56%         5


Dungeon Overview and Level Annotations

Branches:
Dungeon (3/15)

Altars:

Annotations:
D:3 exclusion: gnoll shaman


Innate Abilities, Weirdness & Mutations

You have very sharp teeth.
Your uncanny sense of smell can sniff out nearby items.
Your experience applies equally to all skills.


Message History

Your Summonings skill increases to level 1!
Your Necromancy skill increases to level 1!
Your Transmutations skill increases to level 1!
Your Fire Magic skill increases to level 1!
Your Ice Magic skill increases to level 1!
Your Air Magic skill increases to level 1!
Your Earth Magic skill increases to level 1!
Your Poison Magic skill increases to level 1!
No target in view!
Unknown command.
Things that are here:
a +0 spear; a gnoll corpse Unknown command.
You start resting.
A gnoll shaman is nearby!
Unknown command.
The gnoll shaman hits you with a +0 club!
Things that are here:
a +0 spear; a gnoll corpse You barely miss the gnoll shaman.
The gnoll shaman hits you with a +0 club.
* * * LOW HITPOINT WARNING * * *
Unknown command.
You hit the gnoll shaman but do no damage.
You bite the gnoll shaman.
The gnoll shaman is lightly wounded.
The gnoll shaman hits you with a +0 club!
* * * LOW HITPOINT WARNING * * *
Unknown command.
You barely miss the gnoll shaman. You bite the gnoll shaman.
The gnoll shaman is lightly wounded.
Unknown command.
You hit the gnoll shaman but do no damage.
The gnoll shaman is lightly wounded.
The gnoll shaman hits you with a +0 club.
* * * LOW HITPOINT WARNING * * *
You hit the gnoll shaman.
The gnoll shaman is moderately wounded.
The gnoll shaman hits you with a +0 club.
You die...

.# ##b..b.###.# #.##......#
.###.PbbP..##.########.##.#
.##..b.P...b#.............#
..#######b###....#####.#####
+.......#P#....#..# #.....#
..#######.###.....# #####.#
..#..b....P.#.##### #.....#
..##.......##..g.# #.#####
..###PP...###.##@# #.#
..######### #.##.#####.#
.....##...# #.##.#.....#
.....##.#.# #.##.#.#####
........#.# #?##.#.####
....###.#.# #g##.#....#
##### #.#.. #.##.####.#
..... #.##....#.#
......#.#####.#.#####


You could see a gnoll shaman.

Vanquished Creatures
  An iguana (D:3)
  A gnoll (D:3)
  A worm (D:3)
  3 dart slugs
  2 orcs (D:3)
  5 ball pythons
  2 endoplasms (D:2)
  6 giant cockroaches
  5 goblins
  2 hobgoblins
  4 quokkas
  2 bats
  2 frilled lizards (D:1)
  8 kobolds
  4 rats
48 creatures vanquished.

Notes
Turn   | Place    | Note
-------+----------+-------------------------------------------
     0 | D:1      | Ablot the Gnoll Warper began the quest for the Orb.
     0 | D:1      | Reached XP level 1. HP: 20/20 MP: 6/6
   135 | D:1      | Found a faded altar of an unknown god.
   152 | D:1      | Reached XP level 2. HP: 24/26 MP: 7/7
   878 | D:1      | Reached XP level 3. HP: 29/31 MP: 9/9
   914 | D:2      | Reached skill level 5 in Spellcasting
  1115 | D:2      | Learned a level 2 spell: Blink
  1571 | D:2      | Reached skill level 1 in Invocations
  2033 | D:3      | Noticed a black bear
  2403 | D:3      | Reached skill level 1 in Short Blades
  2403 | D:3      | Reached skill level 1 in Long Blades
  2403 | D:3      | Reached skill level 1 in Axes
  2403 | D:3      | Reached skill level 1 in Maces & Flails
  2403 | D:3      | Reached skill level 1 in Staves
  2403 | D:3      | Reached skill level 1 in Slings
  2403 | D:3      | Reached skill level 1 in Bows
  2403 | D:3      | Reached skill level 1 in Crossbows
  2403 | D:3      | Reached skill level 1 in Stealth
  2403 | D:3      | Reached skill level 1 in Shields
  2403 | D:3      | Reached skill level 1 in Unarmed Combat
  2403 | D:3      | Reached skill level 1 in Evocations
  2457 | D:3      | Reached XP level 4. HP: 35/38 MP: 11/11
  2487 | D:3      | HP: 1/38 [iguana (10)]
  3094 | D:3      | Reached skill level 1 in Conjurations
  3094 | D:3      | Reached skill level 1 in Hexes
  3094 | D:3      | Reached skill level 1 in Summonings
  3094 | D:3      | Reached skill level 1 in Necromancy
  3094 | D:3      | Reached skill level 1 in Transmutations
  3094 | D:3      | Reached skill level 1 in Fire Magic
  3094 | D:3      | Reached skill level 1 in Ice Magic
  3094 | D:3      | Reached skill level 1 in Air Magic
  3094 | D:3      | Reached skill level 1 in Earth Magic
  3094 | D:3      | Reached skill level 1 in Poison Magic
  3134 | D:3      | Slain by a gnoll shaman

Illustrated notes

Levels and vault maps discovered:
D:1:      heliophobic_arrival_battle_scene, layout_basic,
          hellmonk_ecumenical_altar_lost_god, minmay_misc_feat_columns,
          amcnicky_mini_corridor_feature
D:2:      layout_loops_cross
D:3:      layout_basic, serial_aquarium, aquarium_bridge_square
          [aquarium_subvault_wall, aquarium_subvault_balcony,
          aquarium_subvault_wall, aquarium_subvault_bridge],
          aquarium_bridge_square [aquarium_subvault_bridge,
          aquarium_subvault_bridge, aquarium_subvault_bridge,
          aquarium_subvault_bridge], aquarium_window_1,
          aquarium_window_corridor_1, aquarium_view_2a, aquarium_view_2e,
          aquarium_balcony_3b, aquarium_pool_2, kennysheep_generic_room_15,
          uniq_natasha

Skill      XL: |  1  2  3  4 |
---------------+-------------+-----
Spellcasting   | 5 |  5.1
Invocations    | 1 |  1.3
Short Blades   | 1 |  1.2
Long Blades    | 1 |  1.2
Axes           | 1 |  1.2
Maces & Flails | 1 |  1.2
Staves         | 1 |  1.2
Slings         | 1 |  1.2
Bows           | 1 |  1.2
Crossbows      | 1 |  1.2
Stealth        | 1 |  1.2
Shields        | 1 |  1.2
Unarmed Combat | 1 |  1.2
Evocations     | 1 |  1.2
Conjurations   | 1 |  1.0
Hexes          | 1 |  1.0
Summonings     | 1 |  1.0
Necromancy     | 1 |  1.0
Transmutations | 1 |  1.0
Fire Magic     | 1 |  1.0
Ice Magic      | 1 |  1.0
Air Magic      | 1 |  1.0
Earth Magic    | 1 |  1.0
Poison Magic   | 1 |  1.0
Fighting       | |  4.6
Polearms       | |  4.6
Throwing       | |  2.8
Armour         | |  2.8
Dodging        | |  4.6
Translocations | |  5.5

Action                   |  1- 3 |  4- 6 || total
-------------------------+-------+-------++-------
Melee: Spear             |   179 |    24 ||   203
       Bite              |    12 |     3 ||    15
Throw: Boomerang         |       |     2 ||     2
 Cast: Blink             |     2 |     2 ||     4
 Stab: Sleeping          |     2 |       ||     2
Armor: Leather armour    |    33 |     3 ||    36
Dodge: Dodged            |    86 |     5 ||    91
